 Dungeon Crawl Stone Soup version 0.27-a0-1196-g3e9cee4cb2 (webtiles) character file.

Game seed: 18263782952099601812

114 Kold the Changer (level 4, -1/28 HPs)
             Began as an Octopode Transmuter on May 28, 2021.
             Succumbed to a water moccasin's poison
             ... in a sewer.
             The game lasted 00:04:37 (3165 turns).

Kold the Changer (Octopode Transmuter)              Turns: 3165, Time: 00:04:37

Health: -1/28      AC:  1    Str:  9    XL:     4   Next: 98%
Magic:  6/7        EV: 13    Int: 16    God:
Gold:   86         SH:  0    Dex: 12    Spells: 3/7 levels left

rFire    + . .     SeeInvis +     - Unarmed
rCold    . . .     Faith    .   (no shield)
rNeg     . . .     Spirit   .   (helmet currently unavailable)
rPois    .         Reflect  .   (no amulet)
rElec    .         Harm     .   e - ring of see invisible
rCorr    +         Rampage  .   h - ring of resist corrosion
Will     .....                  a - ring of protection from fire
Stlth    +++.......             (no ring)
HPRegen  0.09/turn              (no ring)
MPRegen  0.10/turn              (no ring)
                                (no ring)
                                (no ring)

@: lethally poisoned (-1 -> -28), appendages, hasted, very quick
A: tentacle spike 3, almost no armour, amphibious, 8 rings, camouflage 1,
gelatinous body 1, (nimble swimmer 1), tentacles
a: End Transformation


You were in a sewer.
One of your tentacles had grown a beastly spike.
You visited 1 branch of the dungeon, and saw 3 of its levels.
You also visited: Sewer.

You collected 86 gold pieces.

Inventory:

Jewellery
 a - a ring of protection from fire (on tentacle)
 e - a ring of see invisible (left tentacle)
 h - a ring of resist corrosion (right tentacle)
Scrolls
 c - a scroll of identify
Potions
 f - a potion of resistance {unknown}
 i - a potion of degeneration {unknown}


   Skills:
 - Level 1.0 Fighting
 - Level 2.0 Dodging
 - Level 2.0 Stealth
 - Level 3.0 Unarmed Combat
 - Level 2.0 Spellcasting
 + Level 4.3 Transmutations
 + Level 1.7 Poison Magic


You had 3 spell levels left.
You knew the following spells:

 Your Spells              Type           Power      Damage    Failure   Level
a - Beastly Appendage     Tmut           30%        N/A       3%          1
b - Spider Form           Tmut/Pois      5%         N/A       19%         3

Your spell library contained the following spells:

 Spells                   Type           Power      Damage    Failure   Level
 Wereblood                Tmut           15%        N/A       5%          2
 Passwall                 Tmut/Erth      6%         N/A       13%         2
 Sandblast                Erth           2%         2d4       21%         1
 Stone Arrow              Conj/Erth      2%         3d7       52%         3
 Ice Form                 Ice/Tmut       8%         N/A       63%         4
 Petrify                  Tmut/Erth      8%         N/A       63%         4
 Hydra Form               Tmut           7%         N/A       67%         5
 Lee's Rapid Deconstruct  Erth           0%         3d5*      99%         5


Dungeon Overview and Level Annotations

Branches:
Dungeon (3/15)              Sewer (1/1)

Altars:


Innate Abilities, Weirdness & Mutations

One of your tentacles has grown a beastly spike.
You cannot wear most types of armour.
You are amphibious.
You can wear up to eight rings at the same time.
Your skin changes colour to match your surroundings (Stealth+).
Your rubbery body absorbs attacks. (AC +1, EV +1)
((You are camouflaged near water. (Stealth+)))
You have tentacles for arms and can constrict up to eight enemies at once.


Message History

You tentacle-slap the bat.
You kill the bat!
No target in view!
Found a gate leading back out of this place.
Found a bubbling emerald potion.
There is a gate leading back out of this place here.
b - a bubbling emerald potion
There is a gate leading back out of this place here.
A water moccasin comes into view.
The water moccasin hisses angrily.
Found 15 sling bullets and 24 gold pieces.
Casting: Beastly Appendage (safe; 3% risk of failure)
Confirm with . or Enter, or press ? or * to list all spells.
One of your tentacles grows a vicious spike.
The water moccasin misses you.
You tentacle-slap the water moccasin but do no damage.
You grab the water moccasin. You squeeze the water moccasin.
The water moccasin is lightly wounded.
You constrict the water moccasin. The water moccasin bites you.
You are poisoned.
The water moccasin poisons you!
You tentacle-slap the water moccasin but do no damage.
You squeeze the water moccasin.
The water moccasin is moderately wounded.
You constrict the water moccasin.
You feel very sick. The water moccasin bites you!
You tentacle-slap the water moccasin but do no damage.
You pierce the water moccasin, but do no damage.
The water moccasin is moderately wounded.
You constrict the water moccasin.
* * * LOW HITPOINT WARNING * * *
You feel very sick. The water moccasin bites you.
* * * LOW HITPOINT WARNING * * *
You are more poisoned.
The water moccasin poisons you! The water moccasin barely misses you.
It was a potion of haste.
You feel yourself speed up.
You constrict the water moccasin.
You die...

### .... .....
################.....$
#..∩........@S.......(
###########.####.....$
#.# ..... #.# .... #.#
### #.# #.# ##.##
##†..##


You could see a water moccasin.

Vanquished Creatures
  3 adders (D:2)
  2 river rats (D:2)
  3 worms (D:2)
  A dart slug (D:2)
  6 ball pythons
  9 bats
  An endoplasm (D:2)
  3 giant cockroaches
  4 goblins
  3 hobgoblins
  7 jackals
  3 quokkas (D:2)
  2 frilled lizards (D:1)
  3 kobolds
  7 rats
57 creatures vanquished.

Vanquished Creatures (others)
  12 plants (D:2)
12 creatures vanquished.

Grand Total: 69 creatures vanquished

Notes
Turn   | Place    | Note
-------+----------+-------------------------------------------
     0 | D:1      | Kold the Octopode Transmuter began the quest for the Orb.
     0 | D:1      | Reached XP level 1. HP: 13/13 MP: 3/3
    51 | D:1      | Found a faded altar of an unknown god.
    55 | D:1      | Reached skill level 1 in Stealth
    72 | D:1      | Found a faded altar of an unknown god.
   200 | D:1      | Reached XP level 2. HP: 18/18 MP: 5/5
   748 | D:2      | Reached skill level 3 in Transmutations
   748 | D:2      | Reached XP level 3. HP: 4/23 MP: 4/6
  2309 | D:2      | Reached skill level 4 in Transmutations
  2309 | D:2      | Reached XP level 4. HP: 12/28 MP: 5/7
  2317 | D:2      | Learned a level 3 spell: Spider Form
  2646 | D:3      | Found a glowing drain.
  2673 | D:2      | Reached skill level 1 in Poison Magic
  2878 | D:2      | HP: 1/28 [river rat (6)]
  3101 | Sewer    | Entered a sewer
  3155 | Sewer    | Noticed a water moccasin
  3165 | Sewer    | Succumbed to a water moccasin's poison

Illustrated notes

Levels and vault maps discovered:
D:1:      dpeg_arrival_tiny_k, layout_rooms,
          hellmonk_ecumenical_altar_the_god_not_taken
D:2:      layout_basic, serial_bayou_pond_c
D:3:      layout_basic, marbit_many_paths, nicolae_ru_the_path_less_chosen,
          serial_shops, nicolae_shop_behind_doors, portal_sewer_entry_a,
          kennysheep_generic_room_6
Sewer:    sewer_big_baddie

Skill      XL: |  1  2  3  4 |
---------------+-------------+-----
Stealth        | 1 2 |  2.0
Transmutations | 3 4 |  4.3
Poison Magic   | 1 |  1.7
Fighting       | |  1.0
Dodging        | |  2.0
Unarmed Combat | |  3.0
Spellcasting   | |  2.0

Action                   |  1- 3 |  4- 6 || total
-------------------------+-------+-------++-------
Melee: Unarmed           |    88 |    56 ||   144
       Constrict         |    23 |    15 ||    38
       Tentacles         |    17 |     9 ||    26
       Kick              |     9 |    11 ||    20
       Punch             |     4 |       ||     4
 Cast: Beastly Appendage |    14 |     5 ||    19
  Use: Potion            |     1 |     4 ||     5
       Scroll            |       |     1 ||     1
 Stab: Sleeping          |     7 |     1 ||     8
       Distracted        |     1 |       ||     1
Armor: Skin              |    12 |    16 ||    28
Dodge: Dodged            |    42 |    82 ||   124

Table legend: (Time is in decaauts)
 A = Elapsed time spent in this place.
 B = Non-inter-level travel time spent in this place.
 C = Inter-level travel time spent in this place.
 D = Time resting spent in this place.
 E = Time spent auto-exploring this place.
 F = Levels seen in this place.
 G = Mean time per level.
                   A        B        C        D        E       F      G
               +--------+--------+--------+--------+--------+-----+--------+
         Total |   3160 |   3032 |    128 |   1389 |   1040 |   4 |  790.0 |
       Dungeon |   3097 |   2969 |    128 |   1389 |   1040 |   3 | 1032.3 |
         Sewer |     62 |     62 |      0 |      0 |      0 |   1 |   62.0 |
               +--------+--------+--------+--------+--------+-----+--------+

Top non-repeatable levels by time:
     D:2: 2258 daAuts
     D:1: 808 daAuts
   Sewer: 62 daAuts
     D:3: 30 daAuts
